Map: Sueño ártico EE

Players

MrFercho

  • Race: Zerg Zerg
  • League: Silver
  • Spawn Location: 6:00

tigro

  • Race: Terran Terran
  • League: Bronze
  • Spawn Location: 5:00

onslaught

  • Race: Protoss Protoss
  • Spawn Location: 12:00

Ibukin

  • Race: Terran Terran
  • Spawn Location: 11:00

VOD

Have the link to the VOD?

Description

Time

  • Played on: June 27, 2020, 9:39 p.m.
  • Length: 16:32
Show
View Real Time Build Order
Export as new Build Order

MrFercho Zerg 

Build Orders: Hatch First, Roach Hydra 

Get SALT Encoding   

  12  0:01  Drone  
  13  0:11  Drone  
  14  0:18  Overlord  
  14  0:37  Drone x2  
  16  0:44  Drone  
  17  0:59  Drone x2  
  17  1:03  Hatchery  
  18  1:25  Spawning Pool  
  17  1:26  Drone x2, Extractor  
  18  1:36  Drone  
  19  1:45  Drone  
  20  1:53  Drone  
  21  2:08  Drone  
  22  2:17  Queen x2  
  22  2:19  Overlord  
  22  2:21  Overlord  
  26  2:27  Drone x2  
  28  2:38  Drone x2  
  30  2:56  Roach Warren  
  29  3:02  Drone x4  
  33  3:14  Evolution Chamber, Drone x2  
  33  3:19  Drone  
  35  3:40  Extractor  
  36  3:41  Roach x5  
  36  3:43  Overlord  
  36  3:44  Overlord  
  36  3:45  Lair, Extractor  
  43  3:51  Drone  
  44  3:56  Zerg Missile Weapons Level 1  
  44  4:02  Zergling x8  
  48  4:18  Drone x3  
  48  4:19  Drone x3  
  54  4:27  Drone  
  54  4:29  Queen  
  57  4:42  Drone  
  57  4:43  Drone x2  
  57  4:45  Overlord x4  
  60  4:50  Hatchery  
  60  4:52  Drone  
  60  5:02  Evolution Chamber  
  60  5:03  Drone x4  
  60  5:04  Hydralisk Den  
  60  5:06  Glial Reconstitution  
  54  5:29  Roach x7  
  66  5:44  Drone x2  
  66  5:49  Zerg Ground Armor Level 1  
  68  5:51  Muscular Augments  
  68  5:53  Hatchery, Drone x2  
  69  6:10  Drone x3  
  72  6:20  Spore Crawler  
  72  6:23  Spine Crawler  
  70  6:25  Extractor  
  70  6:26  Spine Crawler, Drone x3  
  66  6:40  Hydralisk x7  
  80  6:53  Queen  
  80  6:56  Drone x2  
  80  7:00  Zerg Missile Weapons Level 2  
  82  7:02  Grooved Spines  
  82  7:06  Drone  
  82  7:07  Drone x5  
  88  7:14  Drone x2  
  90  7:20  Extractor  
  89  7:24  Extractor  
  88  7:30  Spore Crawler  
  88  7:34  Spine Crawler  
  88  7:36  Spine Crawler  
  85  7:43  Hydralisk x8  
  77  7:58  Hydralisk x4  
  83  8:12  Hydralisk x2  
  79  8:16  Overlord  
  79  8:17  Overlord x2  
  78  8:34  Hydralisk x3  
  84  8:58  Spire  
  73  9:11  Hydralisk x4  
  77  9:28  Zergling x6  
  77  9:29  Zergling x6  
  83  9:32  Zerg Ground Armor Level 2  
  83  10:00  Hatchery  
  82  10:08  Overseer  
  82  10:13  Mutalisk x2  
  82  10:14  Mutalisk x2  
  90  10:24  Hydralisk x2  
  90  10:27  Drone x5  
  99  10:53  Mutalisk x3  
  105  11:00  Drone  
  105  11:01  Drone x2  
  108  11:11  Zerg Flyer Weapons Level 1  
  105  11:13  Infestation Pit  
  91  11:20  Hatchery  
  73  11:31  Hydralisk  
  73  11:32  Hydralisk x4  
  82  11:46  Extractor  
  81  11:47  Hydralisk x3  
  87  12:05  Hydralisk x4  
  60  12:41  Hydralisk x6  
  68  12:49  Spine Crawler  
  63  12:52  Spine Crawler  
  63  12:54  Spine Crawler  
  63  12:56  Spore Crawler  
  63  12:58  Spore Crawler  
  55  13:01  Hydralisk x5  
  55  13:04  Drone  
  66  13:06  Mutalisk  
  66  13:07  Mutalisk  
  70  13:13  Hydralisk x2  
  70  13:39  Hydralisk x6  
  82  13:53  Metabolic Boost  
  82  14:03  Hydralisk x3  
  69  14:33  Hydralisk x6  
  57  14:53  Hydralisk x5  
  57  14:56  Zergling x2  
  57  14:57  Zergling x30  
  60  15:30  Zergling x4  
  60  15:31  Zergling x22  
  62  15:44  Corruptor x7  
Show
View Real Time Build Order
Export as new Build Order

tigro Terran 

Build Orders:  

Get SALT Encoding   

  12  0:03  SCV  
  13  0:15  SCV  
  14  0:22  Supply Depot  
  14  0:27  SCV  
  15  0:35  Refinery  
  15  0:44  SCV  
  16  0:51  Barracks  
  16  0:56  SCV  
  17  1:03  Refinery  
  17  1:08  SCV  
  18  1:17  Supply Depot  
  18  1:20  SCV  
  19  1:32  SCV  
  20  1:44  Barracks  
  20  1:45  SCV  
  21  1:57  SCV, Marine  
  23  2:09  SCV  
  23  2:15  Marine  
  25  2:24  Orbital Command  
  25  2:32  Marine  
  25  2:33  Barracks Reactor  
  26  2:42  Factory  
  26  2:50  Marine  
  27  2:57  Engineering Bay  
  27  3:08  Marine  
  28  3:36  Factory Tech Lab  
  28  3:37  Marine x2  
  28  3:39  Command Center  
  31  3:46  Barracks Tech Lab  
  30  3:55  Marine x2  
  32  3:56  Siege Tank  
  35  4:13  Missile Turret, Marine x2  
  37  4:21  Terran Infantry Weapons Level 1  
  37  4:24  Combat Shield  
  37  4:30  Marine  
  38  4:34  Missile Turret  
  38  4:38  Siege Tank  
  41  4:55  Refinery  
  41  4:59  Missile Turret  
  41  5:23  Missile Turret  
  41  5:43  Stimpack  
  41  5:49  SCV  
  42  5:58  Siege Tank  
  42  6:01  SCV  
  46  6:13  SCV  
  46  6:15  Terran Infantry Armor Level 1  
  47  6:25  SCV  
  47  6:31  Refinery  
  48  6:38  SCV  
  49  6:55  Starport  
  49  6:57  Siege Tank  
  52  7:02  Marine x3  
  46  7:20  Marine x3  
  47  7:36  Starport  
  47  7:38  Marine x3  
  50  7:56  Marine x3  
  53  8:09  Neosteel Armor  
  53  8:13  Marine  
  53  8:14  Marine x2  
  56  8:31  Marine  
  56  8:32  Marine x2  
  55  8:49  Marine x3  
  55  9:07  Marine  
  51  9:37  Medivac  
  51  9:38  Starport Tech Lab  
  53  9:49  Hi-Sec Auto Tracking  
  53  10:01  Fusion Core  
  53  10:06  Armory  
  53  10:09  SCV  
  54  10:17  Siege Tank  
  54  10:21  SCV  
  58  10:33  SCV  
  59  10:45  SCV  
  55  10:57  SCV  
  53  11:22  Marine  
  53  11:23  Marine x2  
  34  11:40  Marine  
  34  11:41  Marine x2  
  34  11:50  Weapon Refit  
  34  11:53  Starport Tech Lab  
  34  11:58  Marine x3  
  34  12:00  Medivac  
  39  12:16  Marine x3  
  40  12:29  Planetary Fortress  
  36  12:30  Medivac  
  36  12:34  Marine x3, Thor  
  39  12:52  Marine x3  
  42  13:09  Marine  
  42  13:10  Marine x2  
  35  13:16  Thor  
  30  13:27  Marine x2  
  30  13:31  Command Center  
  4  14:46  Supply Depot  
Show
View Real Time Build Order
Export as new Build Order

onslaught Protoss 

Build Orders: 1 Gate Expand 

Get SALT Encoding   

  12  0:00  Probe  
  13  0:08  Probe  
  14  0:18  Probe  
  15  0:31  Pylon  
  15  0:50  Gateway  
  15  1:13  Probe  
  16  1:19  Nexus  
  16  1:22  Probe  
  16  1:31  Probe  
  18  2:15  Cybernetics Core  
  18  2:17  Gateway  
  17  2:29  Probe  
  17  2:32  Pylon  
  17  2:37  Probe, Pylon  
  18  2:42  Assimilator  
  19  2:45  Probe, Assimilator  
  19  2:47  Probe  
  21  2:53  Probe  
  22  2:59  Probe  
  22  3:02  Probe  
  24  3:11  Probe  
  25  3:14  Probe  
  26  3:26  Probe  
  27  3:41  Probe  
  28  3:43  Probe  
  29  3:48  Stargate  
  29  3:53  Probe  
  29  3:55  Probe, Warp Gate  
  31  4:02  Gateway x2  
  31  4:05  Probe  
  31  4:06  Stalker  
  31  4:07  Probe  
  35  4:15  Stalker  
  37  4:17  Probe  
  37  4:19  Probe  
  39  4:29  Probe, Assimilator  
  40  4:31  Oracle, Assimilator  
  40  4:32  Probe  
  41  4:41  Probe  
  41  4:44  Probe  
  46  4:50  Stalker  
  48  4:53  Probe  
  48  4:56  Probe  
  48  4:57  Forge  
  50  5:05  Probe  
  51  5:08  Probe  
  52  5:18  Probe  
  53  5:23  Pylon  
  53  5:26  Pylon  
  53  5:30  Probe, Pylon  
  53  5:34  Pylon  
  54  5:41  Oracle, Stalker  
  54  5:42  Probe  
  62  5:43  Stalker  
  62  5:46  Protoss Ground Weapons Level 1  
  62  5:51  Stalker  
  62  5:54  Probe  
  65  6:02  Stalker  
  67  6:10  Forge  
  67  6:11  Forge  
  67  6:16  Stalker  
  69  7:17  Stalker x2  
  69  7:18  Stalker x2  
  74  7:33  Void Ray  
  74  7:37  Protoss Ground Armor Level 1  
  78  7:39  Protoss Shields Level 1  
  78  7:44  Stalker x2  
  78  7:45  Stalker  
  78  7:49  Twilight Council  
  84  7:56  Protoss Air Weapons Level 1  
  84  8:02  Nexus  
  84  8:06  Gateway x3  
  84  8:10  Gateway x2  
  84  8:12  Gateway  
  84  8:16  Void Ray  
  78  8:31  Stalker  
  78  8:32  Stalker x2  
  61  9:14  Stalker x2  
  61  9:15  Stalker x4  
  61  9:16  Stalker x2  
  61  9:17  Stalker  
  77  9:18  Probe  
  77  9:23  Probe  
  79  9:27  Probe  
  79  9:30  Probe  
  81  9:35  Probe  
  82  9:39  Pylon  
  82  9:40  Probe  
  82  9:42  Probe, Pylon  
  82  9:44  Stalker x2  
  82  9:45  Stalker x4, Pylon  
  96  9:46  Stalker x2  
  96  9:47  Probe  
  96  9:49  Pylon  
  96  9:51  Pylon  
  101  9:52  Protoss Ground Weapons Level 2  
  101  9:56  Protoss Ground Armor Level 2  
  101  9:57  Void Ray, Probe x2, Pylon  
  101  9:59  Probe  
  108  10:00  Pylon  
  108  10:02  Blink  
  108  10:09  Probe x2  
  108  10:12  Probe  
  111  10:22  Probe  
  112  10:40  Void Ray  
  116  10:45  Assimilator  
  116  10:49  Assimilator  
  116  10:55  Photon Cannon  
  116  10:56  Photon Cannon  
  116  10:58  Photon Cannon  
  116  11:00  Shield Battery  
  116  11:01  Shield Battery  
  116  11:03  Stalker x2  
  120  11:04  Stalker x4  
  120  11:05  Stalker x2  
  128  11:23  Void Ray  
  122  11:36  Stalker x2  
  122  11:37  Stalker x6  
  138  11:55  Probe  
  138  11:57  Protoss Shields Level 2  
  139  12:07  Probe  
  126  12:19  Probe  
  125  12:23  Stalker x4  
  125  12:24  Stalker x5  
  141  12:32  Probe  
  142  12:44  Probe  
  137  13:14  Stalker x2  
  137  13:15  Stalker x6  
  137  13:16  Stalker  
  149  13:44  Stalker x2  
  149  13:45  Stalker x2  
  143  15:43  Stalker  
  143  15:44  Stalker x5  
  143  15:45  Stalker  
Show
View Real Time Build Order
Export as new Build Order

Ibukin Terran 

Build Orders:  

Get SALT Encoding   

  12  0:08  SCV  
  13  0:18  Refinery  
  13  0:20  SCV  
  14  0:29  Supply Depot  
  14  0:33  SCV  
  15  0:50  SCV  
  15  0:54  Barracks  
  16  1:03  SCV  
  17  1:15  SCV  
  18  1:27  SCV  
  19  1:43  Supply Depot  
  19  1:51  Barracks Tech Lab  
  19  1:53  SCV  
  20  1:56  Command Center  
  20  2:10  Factory  
  20  2:16  SCV  
  20  2:17  Refinery  
  21  2:26  Marine  
  22  2:30  Stimpack  
  22  2:40  SCV  
  23  2:44  Marine  
  24  2:52  SCV  
  24  2:55  Factory Tech Lab  
  25  3:02  Marauder  
  27  3:13  SCV, Engineering Bay  
  28  3:23  Marine  
  28  3:26  Siege Tank  
  32  3:38  Orbital Command  
  32  3:41  Marine  
  32  3:46  Orbital Command  
  33  3:59  Marine  
  33  4:02  Starport  
  34  4:05  Terran Infantry Weapons Level 1  
  34  4:10  Concussive Shells  
  34  4:17  Marine  
  34  4:20  SCV x2  
  37  4:36  Siege Tank  
  37  4:37  Marine  
  41  4:47  Starport Reactor  
  41  4:54  SCV  
  41  4:55  SCV  
  41  4:56  Marauder  
  41  4:58  Supply Depot  
  45  5:03  Refinery  
  45  5:06  SCV  
  46  5:20  Marauder  
  38  5:41  Marauder  
  38  5:42  Siege Tank  
  43  5:45  Liberator  
  43  5:47  Viking  
  48  5:53  SCV x2, Refinery  
  50  6:02  Marine  
  51  6:05  SCV x2  
  53  6:14  Siege Tank  
  53  6:15  Supply Depot, Command Center  
  56  6:20  Marine  
  56  6:22  Terran Infantry Armor Level 1  
  57  6:29  Armory  
  57  6:33  Engineering Bay  
  57  6:38  Marine  
  58  6:56  Marauder  
  51  8:14  Marine  
  51  8:16  Siege Tank  
  51  8:17  Terran Infantry Weapons Level 2  
  55  8:23  Viking, Liberator  
  60  8:32  Marine  
  61  8:48  Siege Tank  
  64  8:50  Marine  
  64  8:53  Viking  
  63  9:06  Medivac  
  63  9:08  Marauder  
  60  9:23  Liberator  
  58  9:29  Marauder  
  57  9:36  Orbital Command  
  57  9:37  SCV  
  57  9:38  SCV  
  59  9:45  Refinery  
  59  9:47  Siege Tank  
  59  9:49  Medivac  
  59  9:50  SCV x2, Marine  
  67  9:57  Terran Infantry Armor Level 2  
  67  10:02  SCV x2  
  67  10:06  Viking  
  71  10:08  Refinery, Marine  
  71  10:14  SCV x2  
  73  10:15  Barracks  
  73  10:18  Thor  
  73  10:19  Liberator  
  83  10:26  SCV x2  
  85  10:36  Supply Depot  
  85  10:38  Supply Depot  
  85  10:45  Viking  
  85  10:46  Marauder  
  73  10:58  Supply Depot  
  73  11:01  Supply Depot  
  73  11:04  Barracks  
  57  11:13  Marine  
  50  11:21  Siege Tank  
  50  11:22  Supply Depot  
  50  11:25  Supply Depot  
  50  11:31  Marine  
  51  11:43  Barracks  
  51  11:44  Viking, Factory, Liberator  
  51  11:45  Barracks  
  56  11:48  Supply Depot, Marine  
  56  11:49  Supply Depot  
  56  11:53  Hellion  
  59  11:54  Terran Infantry Weapons Level 3  
  59  11:57  Barracks  
  59  11:58  SCV x2  
  61  12:06  Marine  
  62  12:13  Viking  
  62  12:14  Siege Tank  
  67  12:24  Marine  
  67  12:26  Liberator  
  67  12:29  Barracks Reactor  
  71  12:33  Barracks Reactor  
  71  12:38  Barracks Tech Lab  
  71  12:43  Liberator  
  74  12:45  SCV x2  
  74  12:46  SCV, Thor  
  74  12:48  Factory Reactor  
  74  12:49  Barracks  
  83  12:57  SCV  
  83  12:58  SCV  
  85  12:59  Marine x2  
  87  13:06  Terran Vehicle Weapons Level 1  
  87  13:09  Liberator  
  90  13:17  Marine x2  
  92  13:26  Viking  
  94  13:29  Hellion  
  85  13:34  Marine  
  85  13:35  Marine  
  85  13:47  Marine  
  85  13:48  Marine x3  
  84  13:51  Hellion x2  
  84  13:52  Hellion, Marine  
  84  13:53  Marine  
  95  14:05  Marine  
  95  14:06  Marine x3  
  99  14:10  Marine  
  99  14:11  Marine  
  99  14:12  Hellion  
  103  14:23  Marine  
  103  14:24  Marine x3  
  104  14:28  Marine x2  
  109  14:33  Siege Tank  
  112  14:41  Marine x3  
  112  14:42  Marine  
  116  14:46  Marine x2  
  86  15:35  Marine x6  
  84  15:37  Hellion x3  
  84  15:38  Viking, Liberator  
  91  15:52  Marine  
  91  15:53  Marine x5  
  97  15:58  Hellion  
  97  15:59  Hellion x2  
  103  16:10  Marine  
  103  16:11  Marine x5  
Tags
 
Add a new tag
Caveats
  • Supply blocks, unpowered buildings, or Contaminate may cause inaccurate times.
  • Supply counts are checked every 10 seconds.